 Seeded DCSS version 0.30-a0-956-gcec3b41aec (webtiles) character file.

Game seed: 20230327 (custom seed)

175 GigaChad the Trooper (level 5, -1/47 HPs)
             Began as a Minotaur Fighter on Mar 29, 2023.
             Slain by a killer bee zombie (4 damage)
             ... in an ossuary.
             The game lasted 00:02:45 (2088 turns).

GigaChad the Trooper (Minotaur Fighter)             Turns: 2088, Time: 00:02:46

Health: -1/47      AC: 27    Str: 23    XL:     5   Next: 29%
Magic:  4/4        EV:  7    Int:  5    God:
Gold:   122        SH:  4    Dex:  9    Spells: 4/4 levels left

rFire   . . .      SeeInvis .    a - +0 war axe
rCold   . . .      Faith    .    c - +0 buckler
rNeg    . . .      Spirit   .    v - +18 Lear's hauberk
rPois   .          Reflect  .    (helmet currently unavailable)
rElec   .          Rampage  .    (no cloak)
rCorr   .                        (gloves currently unavailable)
Will    .....                    (boots currently unavailable) Stlth
                                 (no amulet)
HPRegen 0.27/turn                (no ring)
MPRegen 0.09/turn                (no ring)

@: no status effects
A: horns 2, retaliatory headbutt
a: no special abilities


You were in an ossuary.
You visited 1 branch of the dungeon, and saw 4 of its levels.
You also visited: Ossuary.

You collected 122 gold pieces.

Inventory:

Hand Weapons
 a - a +0 war axe (weapon)
Armour
 b - a +0 scale mail
 c - a +0 buckler (worn)
 v - the +18 Lear's hauberk (worn)
   (You found it on level 4 of the Dungeon)
Jewellery
 j - a ring of fire
Scrolls
 h - 3 scrolls of enchant armour
 k - 2 scrolls of immolation
 n - 2 scrolls of blinking
 p - a scroll of fog {unknown}
 q - a scroll of magic mapping {unknown}
 r - 2 scrolls of poison {unknown}
 u - a scroll of torment {unknown}
Potions
 d - a potion of might
 e - 3 potions of curing {unknown}
 g - a potion of invisibility {unknown}
 i - 2 potions of degeneration {unknown}
 l - 3 potions of brilliance {unknown}
 m - 2 potions of lignification {unknown}
 o - a potion of flight {unknown}
 s - 2 potions of heal wounds {unknown}
 t - a potion of berserk rage {unknown}


   Skills:
 + Level 4.8 Fighting
 + Level 4.4 Axes
 + Level 4.8 Armour
 + Level 0.5 Dodging
 + Level 4.1 Shields


You had 4 spell levels left.
You didn't know any spells.
Your spell library contained the following spells:

 Spells                   Type           Power      Damage    Failure   Level
 Sting                    Tmut/Pois      0%         1d3       99%         1
 Poisonous Vapours        Pois/Air       0%         N/A       100%        2
 Olgreb's Toxic Radiance  Pois           0%         N/A       100%        4
 Borgnjor's Revivificati  Necr           0%         N/A       100%        8
 Necromutation            Tmut/Necr      0%         N/A       100%        8
 Death's Door             Necr           0%         N/A       100%        9


Dungeon Overview and Level Annotations

Branches:
Dungeon (4/15)            Ossuary (1/1)
 Temple: D:4-7

Altars:
Elyvilon

Shops:
D:1 *=:*=


Innate Abilities, Weirdness & Mutations

You have a pair of horns on your head.
You reflexively headbutt those who attack you in melee.


Message History

You hit the bog mummy.
The wyvern zombie bites you but does no damage.
A mummy comes into view.
The bog mummy barely misses you. You furiously retaliate!
You headbutt the bog mummy.
You destroy the bog mummy!
The wyvern zombie bites you but does no damage.
You hit the wyvern zombie but do no damage.
Your headbutt misses the wyvern zombie.
The wyvern zombie is heavily damaged.
You barely miss the killer bee zombie.
The killer bee zombie hits you but does no damage.
The wyvern zombie bites you but does no damage.
The killer bee zombie barely misses you.
The wyvern zombie bites you but does no damage.
The killer bee zombie hits you but does no damage.
The wyvern zombie bites you.
* * * LOW HITPOINT WARNING * * *
There is an open door here.
The killer bee zombie hits you but does no damage.
You hit the killer bee zombie.
The killer bee zombie is lightly damaged.
The killer bee zombie barely misses you.
The killer bee zombie hits you but does no damage.
You miss the killer bee zombie.
The killer bee zombie is lightly damaged.
You block the killer bee zombie's attack.
The killer bee zombie hits you but does no damage.
The killer bee zombie barely misses you.
You furiously retaliate!
You headbutt the killer bee zombie, but do no damage.
There's a creature in the doorway!
There is an empty arch of ancient stone here.
Okay, then.
The killer bee zombie attacks as you move away!
You block the killer bee zombie's attack.
The killer bee zombie hits you but does no damage.
The killer bee zombie closely misses you.
The killer bee zombie hits you.
You die...

##### #..@#
#.ZZ# #..Z#
#.##'##+##'#
+.......M...
#+#'#'#'#+#+
#. .# # ##
##


You could see a bullfrog zombie, a wyvern zombie and a killer bee zombie.

Vanquished Creatures
  6 mummies
  2 adders (D:3)
  A worm (D:2)
  A dart slug (D:1)
  3 ball pythons (D:1)
  6 bats
  3 endoplasms
  4 giant cockroaches
  9 goblins
  6 hobgoblins
  2 jackals (D:2)
  A quokka (D:1)
  3 frilled lizards
  6 kobolds
  4 rats
57 creatures vanquished.

Vanquished Creatures (others)
  A withered plant (Ossuary)
1 creature vanquished.

Grand Total: 58 creatures vanquished

Notes
Turn   | Place    | Note
-------+----------+-------------------------------------------
     0 | D:1      | GigaChad the Minotaur Fighter began the quest for the Orb.
     0 | D:1      | Reached XP level 1. HP: 19/19 MP: 0/0
     4 | D:1      | Found Xoclunid's Book Emporium.
    30 | D:1      | Found Aqium's General Store.
   103 | D:1      | Found Wostryiz's General Store.
   160 | D:1      | Reached XP level 2. HP: 27/27 MP: 1/1
   209 | D:1      | Found a faded altar of an unknown god.
   284 | D:1      | Found Muif's Jewellery Shop.
   549 | D:1      | Found Uvvotic's Jewellery Boutique.
   566 | D:1      | Reached XP level 3. HP: 33/33 MP: 2/2
  1025 | D:2      | Found a white marble altar of Elyvilon.
  1759 | D:3      | Reached XP level 4. HP: 41/41 MP: 3/3
  2019 | D:4      | Found the +18 Lear's hauberk
  2048 | D:4      | Found a sand-covered staircase.
  2055 | Ossuary  | Entered an ossuary
  2076 | Ossuary  | Reached XP level 5. HP: 11/47 MP: 4/4
  2078 | Ossuary  | HP: 2/47 [wyvern zombie (10)]
  2088 | Ossuary  | Slain by a killer bee zombie

Illustrated notes

Levels and vault maps discovered:
D:1:      doesnt_arrival_eight_statues, layout_basic, serial_shops,
          nicolae_shop_advertising_works [nicolae_subvault_shop_adworks], shop,
          nicolae_lakefront_shop, shop, shop,
          shapermc_ecumenical_altar_notcrosses
D:2:      minmay_spotlight, layout_basic, basic_altar
D:3:      layout_loops_cross, st_stairs_7
D:4:      layout_basic, nicolae_qazlal_style_of_elements,
          gup_ossuary_entry_pyramid, uniq_eustachio, uniq_natasha, uniq_pikel,
          uniq_duvessa
Ossuary:  ossuary_zaba_flooded

Skill      XL: |  1  2  3  4 |
---------------+-------------+-----
Armour         | 4 |  4.8
Fighting       | 4 |  4.8
Axes           | 3 4 |  4.4
Shields        | 4 |  4.1
Dodging        | |  0.5

Action                     |  1- 3 |  4- 6 || total
---------------------------+-------+-------++-------
  Melee: War axe           |    86 |    38 ||   124
         Headbutt          |    10 |     4 ||    14
    Use: Scroll            |       |     3 ||     3
 Armour: Scale mail        |    36 |     4 ||    40
         Chain mail        |       |    25 ||    25
  Dodge: Dodged            |    44 |    24 ||    68
  Block: Buckler           |    27 |    12 ||    39

Table legend: (Time is in decaauts)
 A = Elapsed time spent in this place.
 B = Non-inter-level travel time spent in this place.
 C = Inter-level travel time spent in this place.
 D = Time resting spent in this place.
 E = Time spent auto-exploring this place.
 F = Levels seen in this place.
 G = Mean time per level.
                   A        B        C        D        E       F      G
               +--------+--------+--------+--------+--------+-----+--------+
         Total |   2134 |   2089 |     45 |      0 |   1711 |   5 |  426.8 |
       Dungeon |   2093 |   2048 |     45 |      0 |   1710 |   4 |  523.2 |
       Ossuary |     41 |     41 |      0 |      0 |      1 |   1 |   41.0 |
               +--------+--------+--------+--------+--------+-----+--------+

Top non-repeatable levels by time:
     D:1: 914 daAuts
     D:2: 587 daAuts
     D:3: 554 daAuts
 Ossuary: 41 daAuts
     D:4: 36 daAuts
